Map: Catalyst LE

Players

HeRoMaRinE

  • Race: Terran Terran
  • Spawn Location: 11:00

Snute - Winner!

  • Race: Zerg Zerg
  • Spawn Location: 5:00

Event: IEM Season 12 - Katowice

VOD

Have the link to the VOD?

Description

Time

  • Played on: Feb. 27, 2018, 4:56 a.m.
  • Length: 6:26

All games in this series

Show
View Real Time Build Order
Export as new Build Order

HeRoMaRinE Terran 

Build Orders: Gas First Reaper Expand, Hellion Opening, Reaper Expand 

Get SALT Encoding   

  12  0:00  SCV  
  13  0:12  SCV  
  14  0:17  Supply Depot  
  14  0:24  SCV  
  14  0:28  Refinery  
  15  0:39  SCV  
  16  0:44  Barracks  
  16  0:51  SCV  
  17  1:03  SCV  
  18  1:15  SCV  
  19  1:31  Reaper, Orbital Command  
  20  1:43  Command Center  
  20  1:54  Factory  
  20  1:57  SCV  
  21  2:05  Barracks Reactor  
  21  2:10  SCV  
  21  2:14  Supply Depot  
  22  2:16  Refinery  
  22  2:22  SCV  
  23  2:36  SCV  
  24  2:42  Starport  
  24  2:46  Hellion x2  
  24  2:48  SCV  
  29  2:56  Orbital Command  
  29  3:00  SCV  
  30  3:07  Hellion  
  30  3:09  Hellion  
  30  3:12  SCV  
  35  3:18  Viking  
  37  3:22  SCV  
  37  3:24  SCV  
  39  3:32  Supply Depot, Hellion  
  41  3:36  Hellion  
  41  3:39  SCV  
  41  3:40  SCV  
  44  3:51  SCV  
  44  3:52  SCV  
  44  3:54  Supply Depot, Medivac  
  47  3:58  Hellion  
  47  3:59  Hellion  
  51  4:04  SCV x2  
  51  4:07  Barracks Tech Lab  
  53  4:11  Armory  
  53  4:15  Liberator  
  53  4:18  Supply Depot  
  53  4:19  SCV x2  
  55  4:31  SCV x2  
  60  4:39  Hellion  
  60  4:40  Hellion  
  60  4:41  Supply Depot  
  60  4:43  SCV  
  60  4:44  SCV  
  66  4:57  Command Center  
  66  4:59  SCV x2  
  68  5:11  SCV x2  
  68  5:13  Hellion x2  
  72  5:17  Refinery  
  72  5:18  Refinery  
  72  5:23  SCV x2  
  74  5:29  Factory  
  74  5:30  Factory  
  72  5:37  SCV x2  
  66  5:46  Hellion  
  66  5:47  Hellion  
  66  5:49  SCV x2  
  70  5:52  Barracks Tech Lab  
  70  5:53  Supply Depot  
  67  6:03  SCV x2  
Show
View Real Time Build Order
Export as new Build Order

Snute Zerg - Winner!

Build Orders: Pool First 

Get SALT Encoding   

  12  0:00  Drone  
  13  0:12  Overlord  
  13  0:17  Drone  
  14  0:30  Drone x2  
  14  0:34  Drone  
  17  0:44  Spawning Pool  
  17  0:48  Drone  
  17  1:08  Hatchery  
  17  1:10  Drone  
  17  1:14  Drone  
  17  1:16  Extractor  
  17  1:18  Drone  
  18  1:30  Queen  
  18  1:31  Zergling x2  
  21  1:38  Overlord  
  21  1:49  Drone  
  22  2:00  Drone  
  23  2:06  Queen  
  25  2:10  Drone  
  26  2:19  Metabolic Boost  
  26  2:20  Queen  
  26  2:22  Drone  
  29  2:23  Drone  
  30  2:31  Drone  
  30  2:32  Overlord  
  31  2:39  Drone x3  
  31  2:41  Drone  
  35  2:45  Overlord  
  35  2:53  Drone  
  35  2:56  Drone  
  37  3:04  Drone  
  38  3:10  Drone x3  
  41  3:16  Hatchery  
  41  3:19  Drone x3  
  43  3:22  Queen  
  43  3:25  Drone x2  
  47  3:27  Drone  
  47  3:32  Zergling x2  
  49  3:37  Queen, Zergling x2  
  52  3:46  Overlord  
  52  3:52  Overlord  
  51  4:00  Overlord  
  51  4:03  Zergling x2  
  51  4:04  Zergling x10  
  51  4:06  Queen  
  59  4:11  Zergling x2  
  59  4:13  Queen, Zergling x2  
  63  4:17  Extractor  
  63  4:18  Roach Warren, Zergling x2  
  62  4:28  Queen  
  62  4:29  Overlord x2  
  64  4:42  Queen  
  66  4:59  Roach  
  78  5:00  Roach x10  
  78  5:03  Overlord  
  88  5:09  Roach  
  88  5:14  Overlord x3  
  88  5:22  Overlord  
  88  5:24  Overlord  
  88  5:35  Overlord x2  
  86  5:41  Zergling x12  
  86  5:42  Zergling x2  
  89  5:46  Zergling x2  
  90  5:50  Ravager x2  
  90  5:51  Ravager  
  91  5:59  Zergling x8  

Tags
 
Add a new tag
Caveats
  • Supply blocks, unpowered buildings, or Contaminate may cause inaccurate times.
  • Supply counts are checked every 10 seconds.